 Dungeon Crawl Stone Soup version 0.20.1-1-g8b1a95d (webtiles) character file.

10451 Gargoyl the Cleaver (level 11, -6/95 HPs)
             Began as a Minotaur Abyssal Knight on Oct 10, 2017.
             Was a High Priest of Lugonu.
             Killed from afar by Nergalle (19 damage)
             ... with a bolt of negative energy
             ... on level 10 of the Dungeon.
             The game lasted 00:19:09 (10388 turns).

Gargoyl the Cleaver (Minotaur Abyssal Knight)      Turns: 10388, Time: 00:19:10

Health: -6/95      AC: 19    Str: 21    XL:     11   Next: 36%
Magic:  14/14      EV:  8    Int: 13    God:    Lugonu [*****.]
Gold:   627        SH: 13    Dex: 10    Spells: 10/10 levels left

rFire    . . .     SeeInvis .   F - +3 hand axe (flame)
rCold    . . .     Gourm    .   g - +4 shield
rNeg     . . .     Faith    .   m - +6 scale mail of Generosity {Int+4}
rPois    +         Spirit   .   (helmet unavailable)
rElec    .         Reflect  .   t - +2 cloak {rPois}
rCorr    .         Harm     .   (no gloves)
MR       .....     Clarity  +   E - +0 pair of boots
Stlth    ..........             (no amulet)
Regen    0.0/turn               s - +3 ring of strength
MPRegen  0.2/turn               B - ring of poison resistance

@: very heavily drained
A: retaliatory headbutt, hooves 1, horns 3, iridescent scales 1, clarity, clumsy
1, low mp 1, inhibited regeneration
a: Depart the Abyss, Bend Space, Banish, Corrupt, Enter the Abyss, Renounce
Religion


You were on level 10 of the Dungeon.
You worshipped Lugonu.
Lugonu was extremely pleased with you.
You were near starving.

You visited 1 branch of the dungeon, and saw 10 of its levels.
You visited the Abyss 1 time.
You also visited: Sewer.

You collected 669 gold pieces.
You spent 42 gold pieces at shops.

Inventory:

Hand Weapons
 a - a +2 hand axe
 F - a +3 hand axe of flaming (weapon)
Missiles
 d - 9 tomahawks (quivered)
Armour
 g - a +4 shield (worn)
 m - the +6 scale mail of Generosity (worn) {Int+4}
   (You found it on level 4 of the Dungeon)

   It affects your intelligence (+4).
 t - a +2 cloak of poison resistance (worn)
 E - a +0 pair of boots (worn)
Jewellery
 s - a +3 ring of strength (left hand)
 B - a ring of poison resistance (right hand)
Wands
 n - a wand of random effects (3/48)
 u - a wand of confusion (22/48)
 y - a wand of random effects (28/48)
Scrolls
 b - 7 scrolls of remove curse
 k - 3 scrolls of fog
 l - 3 scrolls of recharging
 o - 5 scrolls of identify
 q - a scroll of fear
 r - 3 scrolls of blinking
 x - 5 scrolls of teleportation
 A - 2 scrolls of amnesia
Potions
 e - 3 potions of ambrosia
 h - 4 potions of curing
 w - 6 potions of flight
 z - a potion of brilliance
 H - a potion of might
Books
 v - a book of Changes

   Spells                             Type                      Level
   a - Beastly Appendage              Transmutation                1
   b - Sticks to Snakes               Transmutation                2
   c - Spider Form                    Transmutation/Poison         3
   d - Ice Form                       Ice/Transmutation            4
   e - Blade Hands                    Transmutation                5
 C - a book of Misfortune

   Spells                             Type                      Level
   a - Confusing Touch                Hexes                        1
   b - Confuse                        Hexes                        3
   c - Gell's Gravitas                Translocation                3
   d - Petrify                        Transmutation/Earth          4
   e - Metabolic Englaciation         Hexes/Ice                    5
   f - Yara's Violent Unravelling     Hexes/Transmutation          5
 D - a book of Fire

   Spells                             Type                      Level
   a - Ignite Poison                  Fire/Transmutation/Poison    3
   b - Fireball                       Conjuration/Fire             5
   c - Bolt of Fire                   Conjuration/Fire             6
   d - Ring of Flames                 Charms/Fire                  7
   e - Ignition                       Fire                         8
Comestibles
 c - 3 bread rations
 f - 5 meat rations
 i - 10 royal jellies
 j - 9 fruits


   Skills:
 + Level 8.8(4.3) Fighting
 + Level 11.3(6.5) Axes
 * Level 9.7(5.1) Armour
 + Level 4.7(0.7) Dodging
 + Level 9.0(4.4) Shields
 * Level 7.8(3.4) Invocations


You had 10 spell levels left.
You didn't know any spells.

Dungeon Overview and Level Annotations

Branches:
Dungeon (10/15)            Temple (0/1) D:6
   Lair: D:8-11         Orc: D:9-12

Altars:
Hepliaklqana
Makhleb
Trog

Shops:
D:7 *   D:8 %

Annotations:
D:10 Nergalle
Abyss:1 Josephine


Innate Abilities, Weirdness & Mutations

You reflexively headbutt those who attack you in melee.
You have a pair of large horns on your head.
You have large cloven feet.
You are partially covered in iridescent scales. (AC +2)
You possess an exceptional clarity of mind.
You are clumsy. (Dex -2)
Your magical capacity is low. (-10% MP)
You do not regenerate when monsters are visible.


Message History

You block Nergalle's attack.
You barely miss Nergalle.
Nergalle is severely wounded.
Nergalle hits you but does no damage.
You closely miss Nergalle. Your headbutt misses Nergalle.
Nergalle is severely wounded.
You block Nergalle's attack.
You hit Nergalle but do no damage.
Nergalle is severely wounded.
Nergalle casts a spell at you. The bolt of negative energy hits you!
You feel drained.
* * * LOW HITPOINT WARNING * * *
You hit Nergalle. You burn Nergalle. Your headbutt misses Nergalle.
Nergalle is severely wounded.
Nergalle hits you but does no damage.
You hit Nergalle but do no damage.
Nergalle is severely wounded.
Nergalle gestures at you while chanting.
The bolt of negative energy hits you!
You feel drained.
You die...

......# .# .....##
##.# .....# #..#
....## #.. ..###
######.# .##
###......## ...
...o......# ....
...######o## ....
##@# ..... #.##
...... ##.# #.##
#..## #...## ####
##....#########...
#.................
#.................


You could see Nergalle.

Vanquished Creatures
  The ghost of mimosa the Cleaver, a journeyman HOBe of Trog (D:10)
  2 two-headed ogres (D:9)
  4 trolls
  A hornet (D:10)
  2 hippogriffs
  Sigmund (D:2)
  3 wraiths (D:10)
  5 yaks (D:9)
  Edmund (D:5)
  4 orc warriors
  2 sky beasts
  3 ice beasts
  2 black bears
  2 necrophages
  A phantom (D:9)
  7 ogres
  3 centaurs
  The ghost of letownia the Insei, an amateur OpTm (Sewer)
  2 big kobolds
  6 bullfrogs
  2 gnoll sergeants
  5 scorpions
  3 killer bees (D:8)
  3 howler monkeys
  4 crimson imps
  A centaur zombie (D:9)
  3 jellies
  3 hounds
  8 orc wizards
  4 orc priests
  Crazy Yiuf (D:3)
  2 bullfrog skeletons
  2 centaur skeletons
  Jessica (D:2)
  A gnoll shaman (D:5)
  A merfolk siren (Sewer)
  6 worker ants
  A merfolk avatar (Sewer)
  A hound zombie (D:5)
  2 hound skeletons
  A worker ant zombie (D:9)
  12 adders
  18 gnolls
  2 river rats (Sewer)
  A shadow imp (D:8)
  2 oozes
  2 adder skeletons
  7 worms
  2 dart slugs
  12 leopard geckos
  29 orcs
  7 ball pythons
  7 bats
  3 giant cockroaches
  8 goblins
  5 hobgoblins
  10 jackals
  2 quokkas
  14 frilled lizards
  9 kobolds
  2 quokka zombies
  29 rats
291 creatures vanquished.

Vanquished Creatures (collateral kills)
  A large abomination (Abyss:3)
1 creature vanquished.

Vanquished Creatures (others)
  A jelly (D:9)
1 creature vanquished.

Grand Total: 293 creatures vanquished

Notes
Turn   | Place    | Note
-------+----------+-------------------------------------------
     0 | Abyss:1  | Gargoyl the Minotaur Abyssal Knight began the quest for the Orb.
     0 | Abyss:1  | Reached XP level 1. HP: 19/19 MP: 1/1
    31 | Abyss:2  | Noticed a neqoxec
    33 | Abyss:2  | Noticed a crimson imp
    33 | Abyss:2  | Gained mutation: Your magical capacity is low. (-10% MP) [a neqoxec]
    85 | Abyss:3  | Noticed a starcursed mass
    94 | Abyss:3  | Noticed a large abomination
   112 | Abyss:3  | Killed a large abomination
   112 | Abyss:3  | Reached skill level 3 in Axes
   112 | Abyss:3  | Reached XP level 2. HP: 12/28 MP: 2/2
   112 | Abyss:3  | Reached XP level 3. HP: 15/35 MP: 3/3
   113 | Abyss:3  | Noticed a small abomination
   113 | D:1      | Escaped the Abyss
   119 | D:1      | HP: 1/35 [ooze (3)]
   123 | D:1      | Reached skill level 5 in Fighting
   457 | D:1      | You fall through a shaft!
   502 | D:2      | Reached XP level 4. HP: 32/42 MP: 3/3
   922 | D:2      | Noticed Jessica
   930 | D:2      | Killed Jessica
   942 | D:2      | Reached * piety under Lugonu
  1193 | D:2      | Noticed Sigmund
  1206 | D:2      | Killed Sigmund
  1206 | D:2      | Reached skill level 4 in Axes
  1206 | D:2      | Reached skill level 1 in Shields
  1206 | D:2      | Reached XP level 5. HP: 40/50 MP: 5/5
  1206 | D:2      | Reached XP level 6. HP: 46/57 MP: 6/6
  2333 | D:3      | Reached ** piety under Lugonu
  2754 | D:3      | Found a runed door.
  2827 | D:3      | Found a faded altar of an unknown god.
  3241 | D:3      | Noticed Crazy Yiuf
  3246 | D:3      | Killed Crazy Yiuf
  3246 | D:3      | Reached skill level 5 in Axes
  3489 | D:4      | Reached XP level 7. HP: 39/62 MP: 7/7
  3719 | D:4      | Got an ancient scale mail
  3730 | D:4      | Identified the +6 scale mail of Generosity {Int+4} (You found it on level 4 of the Dungeon)
  3913 | D:4      | Found a hazy altar of Hepliaklqana.
  3918 | D:4      | Reached skill level 5 in Armour
  4293 | D:5      | Entered Level 5 of the Dungeon
  4642 | D:5      | Noticed Edmund
  4663 | D:5      | Killed Edmund
  4671 | D:5      | Found a glowing drain.
  4680 | Sewer    | Entered a sewer
  4833 | Sewer    | Reached *** piety under Lugonu
  4991 | Sewer    | Noticed letownia's ghost (amateur OpTm)
  5018 | Sewer    | Killed letownia's ghost
  5018 | Sewer    | Reached skill level 6 in Axes
  5248 | D:5      | Reached XP level 8. HP: 66/70 MP: 8/8
  5431 | D:5      | Reached **** piety under Lugonu
  5848 | D:6      | Reached skill level 7 in Axes
  5884 | D:6      | Found a staircase to the Ecumenical Temple.
  6010 | D:6      | Reached skill level 5 in Invocations
  6215 | D:6      | You fall through a shaft for 3 floors!
  6485 | D:9      | Reached skill level 8 in Axes
  6485 | D:9      | Reached XP level 9. HP: 71/78 MP: 10/10
  6489 | D:9      | Gained mutation: You have a pair of large horns on your head. [mutagenic meat]
  6490 | D:9      | Gained mutation: You are clumsy. (Dex -2) [mutagenic meat]
  6491 | D:9      | Gained mutation: You have large cloven feet. [mutagenic meat]
  6492 | D:9      | Gained mutation: You are partially covered in iridescent scales. (AC +2) [mutagenic meat]
  6493 | D:9      | Gained mutation: You possess an exceptional clarity of mind. [mutagenic meat]
  6494 | D:9      | Gained mutation: You do not regenerate when monsters are visible. [mutagenic meat]
  6569 | D:9      | Noticed a two-headed ogre
  6604 | D:9      | Killed a two-headed ogre
  6604 | D:9      | Reached skill level 9 in Axes
  6604 | D:9      | Reached skill level 5 in Shields
  6776 | D:9      | Noticed a troll
  6796 | D:8      | Found Jicw's Food Emporium.
  7044 | D:7      | Found Worailok's General Store.
  7212 | D:7      | Bought a potion of curing for 42 gold pieces
  7470 | D:7      | Reached XP level 10. HP: 86/86 MP: 12/12
  7586 | D:7      | Found a burning altar of Makhleb.
  7930 | D:8      | Reached ***** piety under Lugonu
  7944 | D:8      | Reached skill level 10 in Axes
  8430 | D:9      | Noticed a two-headed ogre
  8437 | D:9      | Killed a two-headed ogre
  8648 | D:9      | Noticed a moth of wrath
  8651 | D:9      | Found a bloodstained altar of Trog.
  9136 | D:10     | Entered Level 10 of the Dungeon
  9275 | D:10     | Got a jewelled shortbow
  9290 | D:10     | Identified the +4 shortbow of Courage {freeze, Int+5} (You found it on level 10 of the Dungeon)
  9368 | D:10     | Reached XP level 11. HP: 47/95 MP: 13/13
  9926 | D:10     | Reached skill level 11 in Axes
 10002 | D:10     | Noticed mimosa's ghost (journeyman HOBe)
 10044 | D:10     | Killed mimosa's ghost
 10330 | D:10     | Noticed Josephine
 10358 | D:10     | Banished Josephine
 10359 | D:10     | Noticed Nergalle
 10388 | D:10     | Killed from afar by Nergalle

Skill      XL: |  1  2  3  4  5  6  7  8  9 10 11 |
---------------+----------------------------------+-----
Fighting       | 4 5 6 7 8 |  8.8
Axes           | 3 4 5 6 8 9 10 11 | 11.3
Armour         | 3 4 5 6 8 9 |  9.7
Invocations    | 2 3 4 5 6 7 |  7.8
Shields        | 1 2 4 6 8 9 |  9.0
Dodging        | 2 3 4 |  4.7

Action                   |  1- 3 |  4- 6 |  7- 9 | 10-12 || total
-------------------------+-------+-------+-------+-------++-------
Melee: Hand axe          |    22 |   163 |   365 |   319 ||   869
       Headbutt          |     4 |    30 |    72 |    62 ||   168
       War axe           |       |       |    57 |       ||    57
       Kick              |       |       |    27 |    50 ||    77
Invok: Depart the Abyss  |     1 |       |       |       ||     1
       Banish            |       |       |     1 |     1 ||     2
       Bend Space        |       |       |     1 |       ||     1
  Use: Scroll            |     2 |     9 |     8 |     4 ||    23
       Potion            |     1 |       |     6 |     7 ||    14
  Eat: Chunk             |       |     8 |    20 |     8 ||    36
Armor: Leather armour    |     8 |     6 |       |       ||    14
       Chain mail        |       |    80 |     7 |       ||    87
       Scale mail        |       |       |   186 |   148 ||   334
Dodge: Dodged            |    18 |    21 |   105 |    97 ||   241
Block: Shield            |     2 |    86 |   272 |   276 ||   636
